Map: Habitation Station LE (Void)

Players

Musumeci

  • Race: Zerg Zerg
  • League: Diamond
  • Spawn Location: 11:00

GAGARIN - Winner!

  • Race: Terran Terran
  • League: Diamond
  • Spawn Location: 1:00

VOD

Have the link to the VOD?

Description

Time

  • Played on: Dec. 28, 2016, 2:52 p.m.
  • Length: 11:10
Show
View Real Time Build Order
Export as new Build Order

Musumeci Zerg 

Build Orders: Hatch First 

Get SALT Encoding   

  12  0:00  Drone  
  13  0:08  Drone  
  14  0:17  Drone, Extractor  
  15  0:41  Hatchery  
  14  0:44  Extractor  
  14  0:45  Drone  
  15  1:02  Spawning Pool  
  14  1:10  Extractor  
  13  1:11  Extractor  
  13  1:12  Drone  
  13  1:13  Drone  
  15  1:38  Overlord  
  15  1:52  Queen  
  15  1:53  Queen  
  19  1:57  Drone x2  
  21  2:04  Drone x2  
  23  2:13  Drone, Extractor  
  23  2:15  Drone  
  24  2:28  Queen  
  27  2:38  Drone  
  27  2:42  Overlord  
  28  2:49  Drone  
  28  2:59  Queen  
  28  3:00  Drone x5  
  28  3:01  Drone  
  36  3:17  Extractor  
  36  3:18  Roach Warren  
  30  3:58  Roach x3  
  30  4:00  Overlord  
  36  4:35  Roach x4  
  44  4:39  Overlord x3  
  44  5:06  Drone x6  
  50  5:28  Drone x5  
  51  5:34  Hatchery  
  54  5:40  Drone x7  
  61  6:03  Drone  
  61  6:04  Drone x3  
  65  6:15  Drone x2  
  67  6:28  Evolution Chamber, Extractor  
  67  6:29  Evolution Chamber  
  67  6:32  Evolution Chamber  
  64  6:42  Drone x3  
  64  6:43  Drone  
  68  6:54  Lair  
  68  6:55  Drone x2  
  68  6:56  Drone, Extractor  
  70  7:03  Zerg Ground Armor Level 1, Zerg Missile Weapons Level 1  
  70  7:07  Roach  
  70  7:08  Roach, Extractor, Overlord x4  
  73  7:09  Extractor  
  72  7:29  Roach x8  
  104  7:30  Roach x8  
  104  7:34  Drone  
  104  7:35  Drone  
  106  7:39  Overlord  
  106  8:03  Overlord x5  
  106  8:05  Overseer  
  106  8:21  Overlord x3  
  106  8:22  Overlord  
  106  8:23  Ravager x6  
  106  8:24  Ravager x6  
  106  8:25  Ravager x5  
  123  8:29  Drone x14  
  137  8:40  Glial Reconstitution  
  88  9:06  Roach  
  88  9:07  Roach x12  
  96  9:13  Roach x2  
  100  9:19  Hatchery  
  100  9:24  Roach x3  
  103  9:28  Ravager  
  103  9:29  Ravager x3  
  96  9:35  Ravager x3  
  96  9:37  Extractor  
  96  9:42  Extractor  
  95  9:50  Roach x4  
  107  9:59  Roach x2  
  75  10:23  Ravager  
  75  10:24  Ravager x4  
  79  10:49  Roach  
  90  10:50  Roach x7  
  90  10:51  Roach  
  90  11:05  Ravager  
Show
View Real Time Build Order
Export as new Build Order

GAGARIN Terran - Winner!

Build Orders: Mech 

Get SALT Encoding   

  12  0:01  SCV  
  13  0:13  SCV  
  14  0:25  Supply Depot  
  14  0:26  SCV  
  15  0:47  SCV  
  15  0:49  Barracks  
  16  0:52  Refinery  
  16  0:59  SCV  
  17  1:10  Barracks  
  17  1:11  SCV  
  18  1:23  SCV  
  19  1:37  Reaper  
  19  1:39  Supply Depot  
  20  1:41  Orbital Command  
  20  1:57  Reaper  
  21  2:07  Command Center  
  21  2:10  SCV  
  21  2:15  Reaper  
  23  2:22  SCV  
  24  2:33  Reaper  
  24  2:34  SCV  
  26  2:46  SCV  
  27  2:52  Reaper  
  27  2:58  SCV, Supply Depot  
  29  3:08  Refinery, Reaper  
  29  3:10  SCV  
  31  3:23  SCV  
  32  3:29  Reaper  
  33  3:55  Command Center  
  33  3:56  SCV  
  33  3:58  Orbital Command  
  35  4:08  SCV  
  34  4:18  Factory  
  34  4:20  SCV  
  35  4:27  SCV  
  36  4:32  Refinery, SCV  
  36  4:34  Refinery  
  37  4:40  SCV  
  37  4:43  Factory  
  37  4:44  SCV  
  39  4:52  SCV  
  40  4:56  SCV  
  41  5:02  Factory Tech Lab  
  41  5:04  SCV  
  41  5:05  Factory  
  42  5:08  Orbital Command, SCV  
  43  5:16  SCV  
  43  5:21  SCV  
  44  5:22  Siege Tank  
  44  5:26  Marine  
  44  5:28  Bunker, SCV  
  49  5:33  SCV  
  49  5:40  SCV  
  50  5:43  Factory Reactor  
  50  5:44  Marine  
  50  5:45  SCV  
  50  5:46  SCV  
  50  5:49  Factory  
  53  5:52  SCV, Supply Depot  
  54  5:57  SCV  
  54  5:58  SCV  
  54  6:02  Marine  
  57  6:04  SCV  
  57  6:07  Factory Tech Lab  
  57  6:09  SCV, Siege Tank  
  57  6:10  SCV  
  63  6:17  SCV  
  64  6:21  SCV  
  64  6:22  SCV  
  64  6:23  Supply Depot  
  66  6:28  Siege Tank  
  66  6:30  Hellion x2  
  66  6:31  Command Center  
  73  6:34  Factory Tech Lab, Supply Depot x2  
  73  6:36  Armory  
  73  6:37  SCV x3, Engineering Bay  
  76  6:45  Siege Tank  
  79  6:48  Supply Depot  
  79  6:49  SCV  
  79  6:51  Supply Depot  
  80  7:00  Siege Tank  
  83  7:03  Siege Tank  
  83  7:04  Hellion  
  83  7:06  SCV  
  89  7:09  SCV x2, Supply Depot  
  89  7:15  Missile Turret  
  91  7:17  Siege Tank  
  91  7:18  SCV  
  91  7:20  Supply Depot  
  95  7:23  Infernal Pre-Igniter  
  95  7:30  Hellbat x2  
  95  7:32  Siege Tank, Supply Depot  
  95  7:35  Siege Tank  
  105  7:49  Siege Tank  
  105  7:51  Terran Vehicle Weapons Level 1, Hellbat  
  106  7:52  Hellbat  
  110  8:05  SCV  
  111  8:18  Siege Tank x2  
  111  8:19  Hellion  
  121  8:20  Hellbat  
  121  8:21  Siege Tank  
  121  8:25  Refinery x2  
  124  8:39  Supply Depot  
  124  8:41  Hellion, Hellbat  
  124  8:51  Siege Tank, Hellbat  
  117  9:02  Siege Tank  
  117  9:04  Hellbat  
  111  9:12  Siege Tank  
  114  9:23  Siege Tank  
  115  9:26  Hellbat  
  115  9:27  Hellbat  
  119  9:35  Siege Tank  
  119  9:53  Refinery  
  119  9:55  Command Center  
  113  10:00  Refinery  
  113  10:04  Refinery  
  113  10:05  Missile Turret, Starport  
  113  10:08  Missile Turret  
  113  10:12  Thor x2  
  125  10:21  Hellion x2  
  125  10:27  Missile Turret  
  125  10:28  Missile Turret  
  125  10:29  Planetary Fortress  
  125  10:30  Missile Turret  
  125  10:32  Missile Turret  
  125  10:34  Refinery, SCV  
  125  10:35  SCV x2, Missile Turret  
  128  10:40  Missile Turret  
  128  10:46  SCV  
  128  10:49  Missile Turret  
  127  10:52  Missile Turret  
Tags
 
Composition
Mech
Matchup
TvZ
Replay Pack
replay pack
Spawn Locations
Close Positions
Add a new tag
Caveats
  • Supply blocks, unpowered buildings, or Contaminate may cause inaccurate times.
  • Supply counts are checked every 10 seconds.